Map: 뉴 리퍼그넌시 - 래더

Players

lllIIIIllll (Creator)

  • Race: Protoss Protoss
  • League: Master
  • Spawn Location: 7:00

Clem - Winner!

  • Race: Terran Terran
  • League: Grandmaster
  • Spawn Location: 1:00

Event: HomeStory Cup XIX

VOD

Have the link to the VOD?

Description

Time

  • Played on: June 27, 2019, 9:09 a.m.
  • Length: 7:32

All games in this series

Show
View Real Time Build Order
Export as new Build Order

lllIIIIllll Protoss 

Build Orders: 1 Gate Expand, Oracle Opening 

Get SALT Encoding   

  12  0:00  Probe  
  13  0:12  Probe  
  14  0:17  Pylon  
  14  0:24  Probe  
  15  0:32  Probe  
  15  0:35  Gateway  
  15  0:40  Probe  
  16  0:45  Assimilator  
  17  0:51  Probe  
  18  1:03  Probe  
  19  1:15  Probe  
  20  1:24  Cybernetics Core  
  20  1:34  Nexus  
  20  1:35  Probe  
  21  1:44  Pylon  
  21  1:49  Assimilator  
  21  1:52  Probe, Adept  
  22  2:05  Probe  
  25  2:14  Adept  
  25  2:17  Probe  
  25  2:20  Stargate  
  26  2:29  Probe  
  28  2:34  Warp Gate  
  28  2:43  Probe  
  29  2:44  Adept  
  29  2:47  Probe  
  32  2:55  Probe  
  33  2:59  Probe  
  33  3:03  Oracle  
  34  3:08  Probe  
  34  3:11  Probe  
  37  3:21  Probe  
  37  3:23  Probe  
  39  3:33  Probe  
  39  3:34  Oracle  
  38  3:35  Probe, Gateway x2  
  38  3:38  Pylon  
  42  3:43  Probe  
  42  3:45  Adept  
  42  3:47  Probe  
  46  3:52  Probe  
  46  3:59  Probe  
  46  4:01  Probe  
  42  4:10  Probe  
  42  4:11  Probe  
  42  4:14  Oracle  
  47  4:18  Probe  
  47  4:21  Pylon  
  47  4:23  Probe  
  49  4:27  Adept  
  49  4:28  Adept  
  49  4:30  Probe  
  54  4:39  Stalker  
  54  4:44  Probe x2  
  53  5:00  Probe x2  
  51  5:11  Probe  
  51  5:12  Probe  
  50  5:19  Probe  
  50  5:20  Probe  
  50  5:23  Nexus  
  50  5:24  Stalker  
  50  5:27  Probe  
  50  5:28  Assimilator  
  54  5:29  Probe  
  54  5:31  Pylon  
  54  5:33  Assimilator  
  56  5:39  Probe  
  56  5:40  Twilight Council  
  57  5:43  Forge  
  57  5:47  Probe  
  58  5:50  Stalker  
  57  5:58  Stalker  
  57  6:01  Probe  
  58  6:04  Phoenix  
  58  6:08  Probe  
  59  6:16  Probe  
  62  6:20  Probe  
  63  6:27  Zealot x2  
  63  6:28  Probe  
  63  6:32  Probe  
  69  6:39  Probe  
  66  6:40  Probe  
  66  6:42  Probe  
  65  6:47  Probe  
  65  6:48  Probe  
  65  6:50  Probe  
  65  6:51  Gateway  
  65  6:52  Gateway  
  67  6:55  Probe  
  67  7:00  Gateway x2  
  69  7:02  Probe  
  69  7:03  Probe, Gateway  
  69  7:06  Probe  
  72  7:10  Sentry x2  
  72  7:11  Sentry  
  72  7:13  Shield Battery  
  78  7:15  Probe  
Show
View Real Time Build Order
Export as new Build Order

Clem Terran - Winner!

Build Orders: Gas First Reaper Expand 

Get SALT Encoding   

  12  0:00  SCV  
  13  0:12  SCV  
  14  0:17  Supply Depot  
  14  0:24  SCV  
  15  0:28  Refinery  
  15  0:38  SCV  
  16  0:44  Barracks  
  16  0:50  SCV  
  17  1:02  SCV  
  18  1:15  SCV  
  19  1:31  Orbital Command, Reaper  
  20  1:47  Command Center  
  20  1:57  SCV  
  20  1:59  Factory  
  21  2:05  Barracks Reactor  
  21  2:09  SCV  
  21  2:12  Refinery  
  22  2:16  Supply Depot  
  22  2:21  SCV  
  23  2:37  SCV  
  23  2:44  Starport  
  23  2:48  Hellion x2  
  23  2:49  SCV  
  23  2:51  Marine  
  29  3:00  Orbital Command  
  29  3:05  SCV  
  29  3:09  Hellion  
  34  3:13  Hellion  
  34  3:18  SCV  
  34  3:29  Medivac  
  34  3:30  SCV x2  
  34  3:32  Widow Mine  
  40  3:34  Widow Mine  
  40  3:38  Supply Depot  
  40  3:40  Barracks Tech Lab  
  40  3:43  SCV  
  40  3:44  SCV  
  43  3:55  SCV  
  43  4:00  Viking  
  45  4:07  Siege Tank  
  45  4:08  SCV  
  45  4:09  Marine, SCV  
  44  4:10  Marine  
  44  4:13  Liberator  
  44  4:16  Barracks  
  44  4:17  Supply Depot  
  46  4:21  SCV x2  
  48  4:27  Marine x2  
  53  4:33  SCV  
  54  4:38  SCV  
  54  4:40  Barracks  
  54  4:42  Cyclone  
  54  4:45  Marine  
  58  4:46  SCV  
  58  4:50  SCV  
  61  4:53  Supply Depot  
  61  4:56  Marine  
  61  4:58  SCV  
  58  5:02  SCV  
  58  5:03  Marine  
  54  5:10  SCV  
  54  5:13  Barracks Tech Lab  
  54  5:15  SCV  
  54  5:16  Siege Tank  
  54  5:18  Marine  
  59  5:22  SCV  
  59  5:23  Starport Tech Lab  
  59  5:27  SCV  
  61  5:29  Engineering Bay  
  61  5:31  Supply Depot  
  61  5:32  Marine x2  
  61  5:34  SCV  
  64  5:36  Marine  
  64  5:39  SCV  
  64  5:41  Refinery x2  
  66  5:46  SCV, Supply Depot  
  66  5:48  Starport Reactor  
  66  5:49  Marine  
  67  5:50  Marine x2  
  67  5:52  Combat Shield, SCV  
  67  5:54  Marine  
  72  5:58  SCV, Supply Depot  
  73  6:04  SCV  
  73  6:07  Marine  
  73  6:08  Marine  
  73  6:09  Marine  
  73  6:10  SCV  
  78  6:11  Marine  
  78  6:13  Siege Tank  
  82  6:20  Command Center  
  82  6:25  Marine, Supply Depot  
  83  6:26  Marine, SCV  
  83  6:27  SCV  
  83  6:32  Marine x2  
  88  6:33  Supply Depot, Medivac  
  88  6:39  SCV  
  86  6:46  Barracks  
  86  6:48  Barracks  
  86  6:49  Marine  
  86  6:50  Marine  
  86  6:51  Marauder x2  
  92  6:55  Medivac  
  94  7:02  Factory Reactor, Engineering Bay  
  94  7:08  Supply Depot  
  94  7:09  Marine x2  
  100  7:19  Supply Depot  
Tags
 
Add a new tag
Caveats
  • Supply blocks, unpowered buildings, or Contaminate may cause inaccurate times.
  • Supply counts are checked every 10 seconds.